 Dungeon Crawl Stone Soup version 0.19-a0-1216-g363869b (webtiles) character file.

3 Charly the Ducker (level 1, -2/11 HPs)
             Began as a Spriggan Abyssal Knight on Aug 23, 2016.
             Was a Follower of Lugonu.
             Shot with a stone by a goblin (8 damage)
             ... on level 3 of the Dungeon.
             The game lasted 00:02:37 (144 turns).

Charly the Ducker (Spriggan Abyssal Knight)          Turns: 144, Time: 00:03:07

Health: -2/11      AC:  2    Str:  8    XL:     1   Next: 41%
Magic:  3/3        EV: 18    Int: 13    God:    Lugonu [*.....]
Gold:   13         SH:  0    Dex: 11    Spells: 0 memorised, 0 levels left

rFire  . . .     SeeInvis +     a - +1 short sword
rCold  . . .     Gourm    .     b - +0 robe
rNeg   . . .     Faith    .     (shield restricted)
rPois  .         Spirit   .     (helmet restricted)
rElec  .         Dismiss  .     (no cloak)
rCorr  .         Reflect  .     (gloves unavailable)
MR     .....     Harm     .     (boots unavailable)
Stlth  +++.......               (no amulet)
                                (no ring)
                                f - ring of stealth

@: very quick
A: unfitting armour, see invisible, clumsy 2, herbivore 3, speed 3, slow
metabolism 2
a: Depart the Abyss, Renounce Religion


You were on level 3 of the Dungeon.
You worshipped Lugonu.
Lugonu was aware of your devotion.
You were not hungry.

You visited 1 branch of the dungeon, and saw 3 of its levels.
You visited the Abyss 1 time.

You collected 13 gold pieces.

Inventory:

Hand Weapons
 a - a +1 short sword (weapon)
Armour
 b - a +0 robe (worn)
Jewellery
 f - a ring of stealth (left hand)
Wands
 e - a wand of lightning (4/15)
Miscellaneous
 d - a phial of floods
Comestibles
 c - a bread ration


   Skills:
 - Level 2.4 Fighting
 - Level 2.1 Short Blades
 - Level 3.5 Dodging
 + Level 1.6 Stealth
 - Level 1.7 Invocations


You couldn't memorise any spells.
You didn't know any spells.

Dungeon Overview and Level Annotations

Branches:
Dungeon (3/15)

Altars:
Hepliaklqana


Innate Abilities, Weirdness & Mutations

You are tiny and cannot use many weapons and most armour.
You have supernaturally acute eyesight. (SInv)
You are a herbivore.
You cover ground extremely quickly.
You need consume almost no food.
[You are very clumsy. (Dex -4)]


Message History

You kill the ball python!
Lugonu accepts your kill.
You can now depart the Abyss.
The goblin wields a hunting sling.
The goblin shoots a stone.
The stone misses you.
Evoke which item? (* to show all) (? for menu, Esc to quit)
Zapping:
e - a wand of lightning (will waste charges)
Press: ? - help, Shift-Dir - straight line, f - goblin
Aim: a goblin, wielding a hunting sling
Okay, then.
Evoke which item? (* to show all) (? for menu, Esc to quit)
Zapping:
e - a wand of lightning (will waste charges)
Press: ? - help, Shift-Dir - straight line, f - goblin
Aim: a goblin, wielding a hunting sling You hear a mighty clap of thunder!
The bolt of lightning hits the goblin.
The goblin is moderately wounded.
Evoking this partially-identified wand wasted a few charges.
The goblin shoots a stone.
The stone hits you!
Ouch! That really hurt!
You die...

## #+#..? # #....#
#. ### ##.....#
#.##.## ##..))..##
#....####.@†......
#......'.......$.
##...###......g..
#.<#.# ##.......#
#.###.# ##.....##
#. #.# #...## #
#.# #+## #.# #.#


You could see a goblin.

Vanquished Creatures
  A giant gecko (D:2)
  A ball python (D:3)
  A rat (D:2)
3 creatures vanquished.

Notes
Turn   | Place    | Note
-------+----------+-------------------------------------------
     0 | Abyss:1  | Charly the Spriggan Abyssal Knight began the quest for the Orb.
     0 | Abyss:1  | Reached XP level 1. HP: 11/11 MP: 3/3
    62 | Abyss:2  | Noticed a wretched star
    64 | D:1      | Escaped the Abyss
   109 | D:2      | Found a hazy altar of Hepliaklqana.
   124 | D:2      | Charly: @? giant gecko
   124 | D:2      | beem: giant gecko (l)
                  | Spd:
    12 | HD: 1    | HP: 5-7
                  | AC/EV: 1/14
                  | Dam: 5
                  | cold-blooded
                  | XP:
     3 | Sz: little | Int: animal.
   125 | D:2      | Reached skill level 1 in Stealth
   143 | D:3      | Reached * piety under Lugonu
   144 | D:3      | Shot with a stone by a goblin

Vault maps used:
D:1:      dpeg_arrival_triangle_fractal, serial_forest,
          infiniplex_forest_clump_long, infiniplex_forest_clump_medium,
          infiniplex_forest_lined_ring, infiniplex_forest_clump_diagonal,
          infiniplex_forest_straight_4, infiniplex_forest_end_1,
          infiniplex_forest_lined_2, minmay_crystal_room, st_stairs_12
D:2:      lemuel_crystal_altar, hangedman_decor_clover_reticule,
          serial_bayou_pond_c, minmay_statues_item, kennysheep_another_room
D:3:      lemuel_doored_altar, elyvilon_altar_1, first_bread

Skill      XL: |  1 |
---------------+----+-----
Stealth        | 1 |  1.6
Fighting       | |  2.4
Short Blades   | |  2.1
Dodging        | |  3.5
Invocations    | |  1.7

Action                   || total
-------------------------++-------
Melee: Short sword       ||     9
Invok: Depart the Abyss  ||     1
Evoke: Wand              ||     1
Armor: Robe              ||     2
Dodge: Dodged            ||     8
